cohdb
Replays
Latest Replays
All Replays
Popular Replays
Top Player Replays
Match Explorer
How It Works
Community
CoH3 Stats
Reddit
Sign in to upload your games and track your stats! →
Sign in with Steam
Panzer IV Gaming
Match 35999176
Overview
Messages
Build Orders
End
Selects Armored Battlegroup
Selects Assault Engineers
Assault Engineer Squad
Construct Barracks
Riflemen Squad
Riflemen Squad
Riflemen Squad
Infantry Support Center
Construct Medical Station
Construct Weapon Support Center
M3 Armored Personnel Carrier
M1918 Browning Automatic Rifles
Assault Engineer Squad
Selects Strength in Steel
Selects M8 Scott SPG
Selects UNKNOWN (2160077)
Grenade Package
Assault Engineer Squad
Construct Tank Depot
Selects M31 Recovery Vehicle
Mortar Pit
Selects War Machine
M4A3E8 Sherman Easy Eight
Riflemen Squad
Assault Engineer Squad
Riflemen Squad
M31 Recovery Vehicle
aSIISymbiosis
aSIIWarbringer
Evelynn
GhostEddy
0
0
Comments
sign in to comment!
No comments posted yet!